 Dungeon Crawl Stone Soup version 0.27-a0-1177-g245c70e1c0 (webtiles) character file.

Game seed: 989167671047857398

172 Glokmah the Charlatan (level 5, -6/38 HPs)
             Began as a Demonspawn Artificer on May 16, 2021.
             Was a Believer of Vehumet.
             Mangled by an iguana (8 damage)
             ... on level 4 of the Dungeon.
             The game lasted 00:10:02 (5008 turns).

Glokmah the Charlatan (Demonspawn Artificer)        Turns: 5008, Time: 00:10:03

Health: -6/38      AC:  5    Str: 13    XL:     5   Next: 27%
Magic:  5/5        EV: 11    Int: 17    God:    Vehumet [**....]
Gold:   163        SH:  0    Dex: 13    Spells: 1/4 levels left

rFire    . . .     SeeInvis .   a - +2 flail (protect)
rCold    . . .     Faith    .   (no shield)
rNeg     . . .     Spirit   .   f - +0 ring mail
rPois    .         Reflect  .   (helmet restricted)
rElec    .         Harm     .   (no cloak)
rCorr    .         Rampage  .   (no gloves)
Will     .....                  (no boots)
Stlth    +.........             (no amulet)
HPRegen  0.12/turn              o - ring of wizardry
MPRegen  0.09/turn              (no ring)

@: no status effects
A: horns 2, big brain 2
a: Renounce Religion


You were on level 4 of the Dungeon.
You worshipped Vehumet.
Vehumet was pleased with you.
You visited 1 branch of the dungeon, and saw 4 of its levels.

You collected 163 gold pieces.

Inventory:

Hand Weapons
 a - a +2 flail of protection (weapon)
 b - a +0 fustibalus
 v - a +0 long sword
Missiles
 i - 23 poisoned darts
 j - 124 stones
 p - 2 boomerangs
Armour
 f - a +0 ring mail (worn)
 k - a +0 buckler
Jewellery
 o - a ring of wizardry (left hand)
Wands
 c - a wand of flame (14) (quivered)
 d - a wand of charming (15)
 g - a wand of iceblast (8)
 m - a wand of polymorph (8)
Scrolls
 h - a scroll of holy word
 l - a scroll of fear
 q - a scroll of brand weapon {unknown}
 w - a scroll of enchant weapon {unknown}
 x - a scroll of identify
Potions
 n - a potion of magic {unknown}
 r - a potion of invisibility {unknown}
 s - a potion of lignification {unknown}
 t - a potion of degeneration {unknown}
 u - a potion of attraction {unknown}
Miscellaneous
 e - a piece from Xom's chessboard (14/15)


   Skills:
 + Level 2.2 Fighting
 + Level 2.5 Armour
 + Level 1.9 Dodging
 - Level 0.8 Stealth
 * Level 1.8 Shields
 + Level 0.0 Spellcasting
 * Level 0.0 Conjurations
 - Level 4.1 Evocations


You had one spell level left.
You knew the following spells:

 Your Spells              Type           Power      Damage    Failure   Level
a - Shock                 Conj/Air       0%         1d3       19%         1
b - Call Imp              Summ           0%         N/A       28%         2

Your spell library contained the following spells:

 Spells                   Type           Power      Damage    Failure   Level
 Foxfire                  Conj/Fire      0%         2x1d4     19%         1
 Summon Small Mammal      Summ           0%         N/A       19%         1
 Call Canine Familiar     Summ           0%         N/A       47%         3
 Summon Guardian Golem    Hex/Summ       0%         N/A       47%         3
 Summon Ice Beast         Ice/Summ       0%         N/A       86%         4
 Summon Lightning Spire   Summ/Air       0%         N/A       86%         4


Dungeon Overview and Level Annotations

Branches:
Dungeon (4/15)
 Temple: D:4-7

Altars:
Vehumet

Portals:
Abyss: D:3

Annotations:
D:3 2 transporters, MatrixGlitch's ghost, amateur HOFi


Innate Abilities, Weirdness & Mutations

You have a pair of horns on your head.
You have an extremely huge brain. (Int +4)


Message History

The iguana hisses angrily.
You hit the iguana.
Your weapon exudes an aura of protection.
Your headbutt misses the iguana.
The iguana is lightly wounded.
The iguana barely misses you.
You hit the iguana.
The iguana is heavily wounded.
The iguana bites you.
The iguana bites you but does no damage.
You closely miss the iguana.
The iguana is heavily wounded.
The iguana misses you.
You barely miss the iguana.
You headbutt the iguana, but do no damage.
The iguana is heavily wounded.
The iguana bites you but does no damage.
The iguana bites you!
You hit the iguana.
The iguana is heavily wounded.
The iguana bites you but does no damage.
You closely miss the iguana.
The iguana is heavily wounded.
The iguana bites you but does no damage.
You barely miss the iguana. You headbutt the iguana.
The iguana is severely wounded.
The iguana closely misses you. The iguana bites you.
You barely miss the iguana.
The iguana is severely wounded.
The iguana closely misses you.
You barely miss the iguana.
The iguana is severely wounded.
The iguana bites you!
* * * LOW HITPOINT WARNING * * *
The iguana bites you!
* * * LOW HITPOINT WARNING * * *
You closely miss the iguana.
The iguana is severely wounded.
The iguana bites you!
You die...

## # # # .# .#
#.# #### ..#
#..#########..#
#..#....@l...>#
#hh#.##########
#.h#.# #..#.#
#..#.# #<.#.#
#.##.#.#
#.##.#.#
#.##.#.#


You could see an iguana.

Vanquished Creatures
  An orc wizard (D:4)
  4 adders
  A white imp (D:3)
  3 worms
  An adder skeleton (D:4)
  7 orcs
  6 endoplasms
  4 giant cockroaches
  7 hobgoblins
  13 jackals
  5 kobolds
  4 quokkas
  3 ball pythons
  6 bats
  A frilled lizard (D:3)
  7 goblins
  3 rats
76 creatures vanquished.

Vanquished Creatures (collateral kills)
  An orc (D:3)
1 creature vanquished.

Grand Total: 77 creatures vanquished

Notes
Turn   | Place    | Note
-------+----------+-------------------------------------------
     0 | D:1      | Glokmah the Demonspawn Artificer began the quest for the
                  | Orb.
     0 | D:1      | Reached XP level 1. HP: 15/15 MP: 1/1
    50 | D:1      | Reached skill level 1 in Dodging
   493 | D:1      | Gained mutation: You have a pair of small horns on your
                  | head. [demonic ancestry]
   493 | D:1      | Reached XP level 2. HP: 18/21 MP: 2/2
  1432 | D:2      | Gained mutation: You have a pair of horns on your head.
                  | [demonic ancestry]
  1432 | D:2      | Reached XP level 3. HP: 26/26 MP: 3/3
  2395 | D:2      | Reached skill level 1 in Shields
  2694 | D:3      | Gained mutation: You have an unusually large brain. (Int
                  | +2) [demonic ancestry]
  2694 | D:3      | Reached XP level 4. HP: 25/33 MP: 4/4
  2788 | D:3      | Learned a level 2 spell: Call Imp
  2818 | D:3      | Found a faded altar of an unknown god.
  2823 | D:3      | Became a worshipper of Vehumet
  2823 | D:3      | Reached * piety under Vehumet
  2823 | D:3      | Offered knowledge of Shock by Vehumet.
  2833 | D:3      | Learned a level 1 spell: Shock
  3088 | D:3      | Noticed a small abomination
  3103 | D:3      | Noticed a kobold brigand
  3104 | D:3      | Found a one-way gate to the infinite horrors of the Abyss.
  3104 | D:3      | Noticed MatrixGlitch's ghost (amateur HOFi)
  3129 | D:3      | Found a transporter.
  3134 | D:3      | Found a transporter.
  3421 | D:3      | Reached skill level 4 in Evocations
  4057 | D:4      | Offered knowledge of Foxfire by Vehumet.
  4071 | D:4      | Gained mutation: You have an extremely huge brain. (Int +4)
                  | [demonic ancestry]
  4071 | D:4      | Reached XP level 5. HP: 17/38 MP: 2/5
  4898 | D:4      | Reached ** piety under Vehumet
  5008 | D:4      | Mangled by an iguana

Illustrated notes

Levels and vault maps discovered:
D:1:      amcnicky_arrival_choice, layout_rooms
D:2:      layout_loops_ring
D:3:      layout_basic, gammafunk_ghost_abyssal_escape,
          chequers_ecumenical_altar_simple
D:4:      layout_basic

Skill      XL: |  1  2  3  4 |
---------------+-------------+-----
Dodging        | 1 |  1.9
Armour         | 2 |  2.5
Shields        | 1 |  1.8
Fighting       | 2 |  2.2
Evocations     | 4 |  4.1
Stealth        | |  0.8

Action                   |  1- 3 |  4- 6 || total
-------------------------+-------+-------++-------
Melee: Club              |   162 |       ||   162
       Headbutt          |    20 |    13 ||    33
       Long sword        |     4 |    73 ||    77
       Flail             |       |    21 ||    21
 Fire: Fustibalus        |     8 |       ||     8
 Cast: Shock             |       |     5 ||     5
       Call Imp          |       |     3 ||     3
Evoke: Piece from Xom's  |     2 |     1 ||     3
       Wand              |       |     1 ||     1
  Use: Scroll            |     2 |     2 ||     4
       Potion            |     1 |       ||     1
 Stab: Paralysed         |     1 |       ||     1
Armor: Ring mail         |    88 |    35 ||   123
Dodge: Dodged            |   104 |    75 ||   179
       Rpst.: Long sword |     2 |    22 ||    24

Table legend: (Time is in decaauts)
 A = Elapsed time spent in this place.
 B = Non-inter-level travel time spent in this place.
 C = Inter-level travel time spent in this place.
 D = Time resting spent in this place.
 E = Time spent auto-exploring this place.
 F = Levels seen in this place.
 G = Mean time per level.
                   A        B        C        D        E       F      G
               +--------+--------+--------+--------+--------+-----+--------+
         Total |   5099 |   4858 |    241 |   1913 |   1739 |   4 | 1274.8 |
       Dungeon |   5099 |   4858 |    241 |   1913 |   1739 |   4 | 1274.8 |
               +--------+--------+--------+--------+--------+-----+--------+

Top non-repeatable levels by time:
     D:3: 1781 daAuts
     D:1: 1511 daAuts
     D:2: 1472 daAuts
     D:4: 334 daAuts
